 Dungeon Crawl Stone Soup version 0.17-a0-1830-g81820eb (webtiles) character file.

240 dpvblackbelt the Sneak (level 6, -2/38 HPs)
             Began as an Octopode Transmuter on Sept 14, 2015.
             Slain by a killer bee (8 damage)
             ... on level 4 of the Dungeon.
             The game lasted 00:13:19 (4420 turns).

dpvblackbelt the Sneak (Octopode Transmuter)        Turns: 4420, Time: 00:13:20

Health: -2/38      AC:  1    Str:  9    XL:     6   Next: 8%
Magic:  8/9        EV: 18    Int: 16    God:
Gold:   213        SH:  0    Dex: 19    Spells: 2 memorised, 5 levels left

rFire  . . .     SeeInvis .     a - +1 spear (pierce)
rCold  . . .     Clarity  .     (no shield)
rNeg   . . .     SustAt   .     (helmet restricted)
rPois  .         Gourm    .     (no amulet)
rElec  .         Spirit   .     (no ring)
rCorr  .         Warding  .     (no ring)
rMut   .         Stasis   .     (no ring)
MR     .....                    (no ring)
Stlth  +++++.....               (no ring)
                                (no ring)
                                (no ring)
                                (no ring)

@: agile, lethally poisoned (-2 -> -22), appendage, not resistant to hostile
enchantments, quite stealthy
A: almost no armour, amphibious, 8 rings, constrict 8, tentacle spike 3,
camouflage 1, gelatinous body 1
a: End Transformation


You were on level 4 of the Dungeon.
You were not hungry.
One of your tentacles had a temporary spike.
You visited 1 branch of the dungeon, and saw 5 of its levels.

You collected 213 gold pieces.

Inventory:

Hand weapons
 a - a +1 spear of piercing (weapon)
 b - a +0 dagger
Missiles
 n - 11 poisoned needles
 q - 55 arrows
 u - 4 tomahawks of returning (quivered)
Jewellery
 l - an uncursed amulet of resist mutation {unknown}
 x - an uncursed amulet of rage {unknown}
Scrolls
 e - a scroll of fog {unknown}
 i - a scroll of blinking {unknown}
 k - 4 scrolls of identify {unknown}
 m - 5 scrolls of remove curse {unknown}
 v - a scroll of teleportation {unknown}
Potions
 d - 2 potions of invisibility
 j - a potion of degeneration {unknown}
 o - a potion of curing {unknown}
 p - a potion of ambrosia {unknown}
 r - a potion of agility
 s - a potion of might {unknown}
 t - a potion of haste {unknown}
Books
 h - a book of Changes

   Spells                             Type                      Level
   a - Beastly Appendage              Transmutation                1
   b - Sticks to Snakes               Transmutation                2
   c - Spider Form                    Transmutation/Poison         3
   d - Ice Form                       Ice/Transmutation            4
   e - Blade Hands                    Transmutation                5
Comestibles
 c - 2 bread rations
 f - 5 fruits
 w - a meat ration


   Skills:
 - Level 1.0 Fighting
 - Level 2.0 Dodging
 - Level 4.7 Stealth
 - Level 3.0 Unarmed Combat
 - Level 2.0 Spellcasting
 + Level 2.9 Transmutations
 - Level 4.7 Poison Magic


You had 5 spell levels left.
You knew the following spells:

 Your Spells              Type           Power        Failure   Level  Hunger
a - Beastly Appendage     Trmt           ##....       10%         1    #......
b - Spider Form           Trmt/Pois      ##........   14%         3    ###....


Dungeon Overview and Level Annotations

Branches:
Dungeon (5/15)
 Temple: D:4-7

Altars:
Nemelex Xobeh
Vehumet
Xom

Annotations:
D:4 Natasha


Innate Abilities, Weirdness & Mutations

You cannot wear most types of armour.
You are amphibious.
You can wear up to eight rings at the same time.
You can use your tentacles to constrict eight enemies at once.
Your skin changes colour to match your surroundings (Stealth).
Your rubbery body absorbs attacks (AC +1).
One of your tentacles bears a large vicious spike.


Message History

Your squeeze misses the killer bee.
The killer bee is heavily wounded.
You feel sick. The killer bee stings you!
* * * LOW HITPOINT WARNING * * *
You are more poisoned.
The killer bee poisons you! The killer bee closely misses you.
The killer bee misses you.
Drink which item? (? for menu, Esc to quit)
It was a potion of agility.
You feel agile all of a sudden.
* * * LOW HITPOINT WARNING * * *
You feel sick. The killer bee closely misses you.
The teleport trap disappears.
The killer bee disappears!
The killer bee completely misses you.
You barely miss the killer bee. You grab the killer bee.
You squeeze the killer bee!
The killer bee is almost dead.
You constrict the killer bee, but do no damage.
* * * LOW HITPOINT WARNING * * *
You feel sick. The killer bee closely misses you. The killer bee stings you!
You die...

..##.... ... ...#....
.?.. /...... ...##
#..#.# .$..#### #...#
#......#
######..###....#.##
........#.#.# ...
..........y.####.#
.........@....##.#
..............##.# ..
.................#######
.##
#####.....#......(......
..#
#..#......h...#.##...
..####.#..###.#.........
...#..#.## #.#.........(
....##.# #..#.#...#####.
#..# #.# ##.#.##........


You could see a killer bee and Natasha.

Vanquished Creatures
  A killer bee (D:3)
  A hound (D:3)
  An iguana (D:4)
  Natasha (twice) (D:4)
  3 adders
  3 oozes
  3 worms (D:2)
  8 bats
  8 giant cockroaches
  8 hobgoblins
  3 jackals (D:1)
  7 kobolds
  A ball python (D:3)
  2 giant geckos
  3 giant newts (D:1)
  8 goblins
  6 rats
68 creatures vanquished.

Notes
Turn   | Place    | Note
--------------------------------------------------------------
     0 | D:1      | dpvblackbelt the Octopode Transmuter began the quest for the Orb.
     0 | D:1      | Reached XP level 1. HP: 13/13 MP: 3/3
    68 | D:1      | Reached skill level 1 in Stealth
   276 | D:1      | Reached XP level 2. HP: 11/18 MP: 5/5
   995 | D:1      | Reached XP level 3. HP: 20/23 MP: 6/6
  1099 | D:2      | Reached skill level 4 in Stealth
  1614 | D:2      | Found a radiant altar of Vehumet.
  2011 | D:2      | Learned a level 3 spell: Spider Form
  2083 | D:2      | Reached skill level 1 in Poison Magic
  2230 | D:2      | Reached XP level 4. HP: 26/28 MP: 5/7
  2768 | D:3      | Found a faded altar to an unknown god.
  3080 | D:3      | Found a sparkling altar of Nemelex Xobeh.
  3080 | D:3      | Found a shimmering altar of Xom.
  3239 | D:3      | Reached XP level 5. HP: 27/33 MP: 6/8
  3927 | D:4      | Noticed Natasha
  3933 | D:5      | Entered Level 5 of the Dungeon
  3987 | D:5      | Noticed a slave
  3988 | D:5      | Noticed a slave
  3988 | D:5      | Noticed a slave
  4005 | D:4      | Killed Natasha
  4087 | D:4      | Noticed Natasha
  4125 | D:3      | Reached XP level 6. HP: 28/38 MP: 7/9
  4390 | D:4      | Killed Natasha
  4418 | D:4      | Noticed Natasha
  4420 | D:4      | Slain by a killer bee

Vault maps used:
D:1:      lemuel_arrival_room, st_stairs_7, due_unseen_surprise
D:2:      kennysheep_six_static_rooms, vehumet_crystals, nrook_mini_vaults
D:3:      gammafunk_temple_overflow_pools, ecumenical_altar_2, first_bread,
          cheibrodos_gnoll_hut
D:4:      lemuel_round_altar, uniq_natasha, uniq_blork_the_orc,
          uniq_crazy_yiuf_cottage
D:5:      minmay_opposing_rooms, serial_shops, shop, shop_fountains, shop,
          serial_park_tiny_1, uniq_pikel

Action                   |  1- 3 |  4- 6 || total
-------------------------+-------+-------++-------
Melee: Unarmed           |    17 |       ||    17
       Short sword       |    30 |       ||    30
       Dagger            |    40 |    21 ||    61
       Spear             |       |    41 ||    41
Throw: Stone             |    30 |     7 ||    37
 Cast: Beastly Appendage |     7 |     9 ||    16
  Use: Potion            |       |     3 ||     3
 Stab: Sleeping          |    19 |    10 ||    29
  Eat: Chunk             |     2 |       ||     2
       Meat ration       |     1 |       ||     1
       Bread ration      |       |     1 ||     1
